% Time on Ice - SAN DIEGO THUNDER
Lines # - Real PCT - Wanted PCT - Time Play
Normal Forward
1 - 35% - 36% - 17:14
2 - 31% - 32% - 15:19
3 - 23% - 24% - 11:33
4 - 10% - 8% - 5:03
Normal Defense
1 - 33% - 36% - 16:05
2 - 34% - 31% - 16:55
3 - 28% - 23% - 13:42
4 - 5% - 10% - 2:27
PP Forward
1 - 52% - 55% - 3:09
2 - 48% - 45% - 2:52
PP Defense
1 - 56% - 55% - 3:21
2 - 44% - 45% - 2:40
PK Forward
1 - 64% - 55% - 1:49
2 - 36% - 45% - 1:02
PK Defense
1 - 47% - 55% - 1:20
2 - 53% - 45% - 1:31
PK3 Forward
1 - 0% - 55%
2 - 0% - 45%
PK3 Defense
1 - 0% - 55%
2 - 0% - 45%
44 Forward
1 - 69% - 55% - 1:22
2 - 31% - 45% - 0:37
44 Defense
1 - 55% - 55% - 1:05
2 - 45% - 45% - 0:54
Last Minute Offensive  - 0:00
Last Minute Defensive  - 0:00
Total
Forward - 60:00
Defense - 60:00
% Time on Ice - UTAH ICE BEARS
Lines # - Real PCT - Wanted PCT - Time Play
Normal Forward
1 - 29% - 36% - 14:09
2 - 31% - 31% - 15:23
3 - 30% - 23% - 14:54
4 - 10% - 10% - 4:43
Normal Defense
1 - 37% - 36% - 18:22
2 - 31% - 31% - 15:18
3 - 27% - 23% - 13:23
4 - 4% - 10% - 2:06
PP Forward
1 - 64% - 55% - 1:49
2 - 36% - 45% - 1:02
PP Defense
1 - 33% - 55% - 0:57
2 - 67% - 45% - 1:54
PK Forward
1 - 54% - 55% - 3:15
2 - 46% - 45% - 2:46
PK Defense
1 - 43% - 55% - 2:34
2 - 57% - 45% - 3:27
PK3 Forward
1 - 0% - 55%
2 - 0% - 45%
PK3 Defense
1 - 0% - 55%
2 - 0% - 45%
44 Forward
1 - 61% - 55% - 1:12
2 - 39% - 45% - 0:47
44 Defense
1 - 63% - 55% - 1:15
2 - 37% - 45% - 0:44
Last Minute Offensive  - 0:00
Last Minute Defensive  - 0:00
Total
Forward - 60:00
Defense - 60:00
Play-by-Play 1st period 0:01 of 1st period - Artem Anisimov wins face-off versus Logan Couture in neutral zone. 0:23 of 1st period - Shot by Connor Murphy. 0:23 of 1st period - Stopped by Thatcher Demko without a rebound. 0:24 of 1st period - Bo Horvat wins face-off versus Alex Galchenyuk in UTAH ICE BEARS zone. 0:24 of 1st period - Bo Horvat is hit by T.J. Brodie. 0:26 of 1st period - Shot by David Perron. 0:26 of 1st period - Shot Misses the Net. 0:45 of 1st period - Minor Penalty to MacKenzie Weegar for Hooking. 0:46 of 1st period - Artem Anisimov wins face-off versus Logan Couture in UTAH ICE BEARS zone. 0:52 of 1st period - Icing by Logan Couture. 0:53 of 1st period - Alex Galchenyuk wins face-off versus Logan Couture in SAN DIEGO THUNDER zone. 1:10 of 1st period - Shot by David Perron. 1:10 of 1st period - Shot Misses the Net. 1:12 of 1st period - Shot by Charles McAvoy. 1:12 of 1st period - Shot Blocked by Troy Stecher. 1:30 of 1st period - Shot by Logan Couture. 1:30 of 1st period - Stopped by Thatcher Demko with a rebound. 1:32 of 1st period - Shot by Charles McAvoy. 1:32 of 1st period - Shot Misses the Net. 1:52 of 1st period - Shot by Evander Kane. 1:52 of 1st period - Shot Misses the Net. 1:54 of 1st period - Shot by Bo Horvat. 1:54 of 1st period - Stopped by Thatcher Demko without a rebound. 1:55 of 1st period - Artem Anisimov wins face-off versus Bo Horvat in UTAH ICE BEARS zone. 2:13 of 1st period - Off-side. 2:14 of 1st period - Bo Horvat wins face-off versus Artem Anisimov in neutral zone. 2:20 of 1st period - Shot by Bo Horvat. 2:20 of 1st period - Deflect By Evander Kane. 2:20 of 1st period - Stopped by Thatcher Demko without a rebound. 2:21 of 1st period - Artem Anisimov wins face-off versus Logan Couture in UTAH ICE BEARS zone. 2:30 of 1st period - Shot by Nikita Kucherov. 2:30 of 1st period - Stopped by Thatcher Demko without a rebound. 2:31 of 1st period - Bo Horvat wins face-off versus Artem Anisimov in UTAH ICE BEARS zone. 2:34 of 1st period - Shot by Evander Kane. 2:34 of 1st period - Stopped by Thatcher Demko with a rebound. 2:36 of 1st period - Shot by Bo Horvat. 2:36 of 1st period - Shot Misses the Net. 2:38 of 1st period - Shot by Bo Horvat. 2:38 of 1st period - Stopped by Thatcher Demko with a rebound. 2:56 of 1st period - Marcus Foligno is hit by Stefan Matteau and loses puck. 3:26 of 1st period - Shot by Marcus Foligno. 3:26 of 1st period - Shot Misses the Net. 3:28 of 1st period - Shot by Connor Murphy. 3:28 of 1st period - Shot Misses the Net. 3:35 of 1st period - Icing by T.J. Brodie. 3:36 of 1st period - Logan Couture wins face-off versus Dominic Toninato in UTAH ICE BEARS zone. 3:41 of 1st period - Shot by Nikita Kucherov. 3:41 of 1st period - Stopped by Thatcher Demko without a rebound. 3:42 of 1st period - Bo Horvat wins face-off versus Artem Anisimov in UTAH ICE BEARS zone. 3:53 of 1st period - Shot by Bo Horvat. 3:53 of 1st period - Shot Hit the Post. 3:55 of 1st period - Shot by David Perron. 3:55 of 1st period - Shot Blocked by Alexander Edler. 4:49 of 1st period - Shot by Alex Galchenyuk. 4:49 of 1st period - Shot Misses the Net. 4:51 of 1st period - Shot by Troy Stecher. 4:51 of 1st period - Shot Misses the Net. 5:13 of 1st period - Shot by Vladimir Sobotka. 5:13 of 1st period - Deflect By Alex Galchenyuk. 5:13 of 1st period - Shot Misses the Net. 5:15 of 1st period - Shot by Vladimir Sobotka. 5:15 of 1st period - Shot Misses the Net. 5:17 of 1st period - Shot by Troy Stecher. 5:17 of 1st period - Shot Misses the Net. 5:19 of 1st period - Shot by Alex Galchenyuk. 5:19 of 1st period - Shot Misses the Net. 5:54 of 1st period - Icing by Connor Murphy. 5:55 of 1st period - Jean-Gabriel Pageau wins face-off versus Ross Colton in SAN DIEGO THUNDER zone. 6:00 of 1st period - Alexander Edler is hit by Marcus Foligno and loses puck. 7:07 of 1st period - Icing by David Perron. 7:08 of 1st period - Bo Horvat wins face-off versus Dominic Toninato in SAN DIEGO THUNDER zone. 7:08 of 1st period - Bo Horvat is hit by Stefan Matteau. 7:29 of 1st period - Shot by Dominic Toninato. 7:29 of 1st period - Stopped by Connor Hellebuyck with a rebound. 8:42 of 1st period - Shot by T.J. Brodie. 8:42 of 1st period - Stopped by Connor Hellebuyck without a rebound. 8:43 of 1st period - Artem Anisimov wins face-off versus Robert Fabbri in SAN DIEGO THUNDER zone. 9:06 of 1st period - Shot by Artem Anisimov. 9:06 of 1st period - Shot Misses the Net. 9:08 of 1st period - Shot by Zachary Sanford. 9:08 of 1st period - Shot Misses the Net. 9:10 of 1st period - Shot by Zachary Sanford. 9:10 of 1st period - Stopped by Connor Hellebuyck with a rebound. 9:35 of 1st period - Dominic Toninato is hit by Michael Matheson and loses puck. 9:46 of 1st period - Shot by Stefan Matteau. 9:46 of 1st period - Stopped by Connor Hellebuyck without a rebound. 9:47 of 1st period - Logan Couture wins face-off versus Alex Galchenyuk in SAN DIEGO THUNDER zone. 9:47 of 1st period - Logan Couture is hit by Vladimir Sobotka. 10:02 of 1st period - Evander Kane is hit by MacKenzie Weegar. 10:04 of 1st period - Shot by Logan Couture. 10:04 of 1st period - Shot Misses the Net. 10:16 of 1st period - Shot by Alex Galchenyuk. 10:16 of 1st period - Shot Misses the Net. 11:51 of 1st period - Shot by Jean-Gabriel Pageau. 11:51 of 1st period - Stopped by Thatcher Demko without a rebound. 11:52 of 1st period - Bo Horvat wins face-off versus Ross Colton in UTAH ICE BEARS zone. 11:55 of 1st period - Shot by Ilya Mikheyev. 11:55 of 1st period - Stopped by Thatcher Demko without a rebound. 11:56 of 1st period - Bo Horvat wins face-off versus Ross Colton in UTAH ICE BEARS zone. 12:05 of 1st period - Shot by Bo Horvat. 12:05 of 1st period - Shot Blocked by MacKenzie Weegar. 12:07 of 1st period - Shot by Bo Horvat. 12:07 of 1st period - Stopped by Thatcher Demko without a rebound. 12:08 of 1st period - Alex Galchenyuk wins face-off versus Jean-Gabriel Pageau in UTAH ICE BEARS zone. 12:23 of 1st period - Shot by Marcus Foligno. 12:23 of 1st period - Shot Misses the Net. 12:32 of 1st period - Alexander Edler is hit by Josh Manson and loses puck. 13:36 of 1st period - Shot by Artem Anisimov. 13:36 of 1st period - Stopped by Connor Hellebuyck without a rebound. 13:37 of 1st period - Logan Couture wins face-off versus Robert Lantosi in SAN DIEGO THUNDER zone. 13:37 of 1st period - Logan Couture is hit by Stefan Matteau. 13:56 of 1st period - Shot by Dominic Toninato. 13:56 of 1st period - Shot Blocked by Connor Murphy. 14:43 of 1st period - Nikolay Goldobin is hit by Josh Manson and loses puck. 14:58 of 1st period - Shot by Artem Anisimov. 14:58 of 1st period - Stopped by Connor Hellebuyck without a rebound. 14:59 of 1st period - Ross Colton wins face-off versus Bo Horvat in SAN DIEGO THUNDER zone. 15:26 of 1st period - Shot by Bo Horvat. 15:26 of 1st period - Shot Misses the Net. 15:51 of 1st period - Icing by Alexander Edler. 15:52 of 1st period - Logan Couture wins face-off versus Ross Colton in UTAH ICE BEARS zone. 16:05 of 1st period - Shot by Nikita Kucherov. 16:05 of 1st period - Stopped by Thatcher Demko without a rebound. 16:06 of 1st period - Jean-Gabriel Pageau wins face-off versus Alex Galchenyuk in UTAH ICE BEARS zone. 16:48 of 1st period - Shot by Jean-Gabriel Pageau. 16:48 of 1st period - Shot Blocked by Troy Stecher. 17:06 of 1st period - Charles McAvoy is hit by Vladimir Sobotka and loses puck. 17:28 of 1st period - Shot by Evander Kane. 17:28 of 1st period - Shot Blocked by T.J. Brodie. 17:32 of 1st period - Shot by Logan Couture. 17:32 of 1st period - Stopped by Thatcher Demko without a rebound. 17:33 of 1st period - Bo Horvat wins face-off versus Artem Anisimov in UTAH ICE BEARS zone. 18:03 of 1st period - Artem Anisimov is hit by Rasmus Dahlin and loses puck. 18:32 of 1st period - Shot by Dominic Toninato. 18:32 of 1st period - Shot Misses the Net. 18:34 of 1st period - Shot by Dominic Toninato. 18:34 of 1st period - Stopped by Connor Hellebuyck with a rebound. 18:36 of 1st period - Shot by Stefan Matteau. 18:36 of 1st period - Shot Misses the Net. 18:38 of 1st period - Shot by MacKenzie Weegar. 18:38 of 1st period - Stopped by Connor Hellebuyck without a rebound. 18:39 of 1st period - Logan Couture wins face-off versus Alex Galchenyuk in SAN DIEGO THUNDER zone. 18:58 of 1st period - Shot by Logan Couture. 18:58 of 1st period - Shot Misses the Net. 19:58 of 1st period - Jean-Gabriel Pageau is hit by Troy Stecher and loses puck. Goals for this period are 0 for SAN DIEGO THUNDER vs 0 for UTAH ICE BEARS. Shots for this period are 13 for SAN DIEGO THUNDER vs 8 for UTAH ICE BEARS. 2nd period 0:01 of 2nd period - Evander Kane wins face-off versus Zachary Sanford in neutral zone. 0:37 of 2nd period - Shot by Nikita Kucherov. 0:37 of 2nd period - Stopped by Thatcher Demko without a rebound. 0:38 of 2nd period - Alex Galchenyuk wins face-off versus Bo Horvat in UTAH ICE BEARS zone. 1:18 of 2nd period - Justin Holl is hit by Vladimir Sobotka and loses puck. 1:50 of 2nd period - Shot by Radim Simek. 1:50 of 2nd period - Shot Misses the Net. 2:32 of 2nd period - Shot by Zachary Sanford. 2:32 of 2nd period - Shot Blocked by Josh Manson. 3:31 of 2nd period - Shot by Jean-Gabriel Pageau. 3:31 of 2nd period - Stopped by Thatcher Demko without a rebound. 3:32 of 2nd period - Logan Couture wins face-off versus Dominic Toninato in UTAH ICE BEARS zone. 3:33 of 2nd period - Shot by Nikita Kucherov. 3:33 of 2nd period - Stopped by Thatcher Demko with a rebound. 3:35 of 2nd period - Shot by Logan Couture. 3:35 of 2nd period - Deflect By Nikita Kucherov. 3:35 of 2nd period - Stopped by Thatcher Demko with a rebound. 3:39 of 2nd period - Shot by Nikita Kucherov. 3:39 of 2nd period - Goal by Nikita Kucherov - SAN DIEGO THUNDER : 1 - UTAH ICE BEARS : 0. 3:40 of 2nd period - Dominic Toninato wins face-off versus Logan Couture in neutral zone. 5:49 of 2nd period - Shot by Alex Galchenyuk. 5:49 of 2nd period - Deflect By Vladimir Sobotka. 5:49 of 2nd period - Shot Blocked by Michael Matheson. 5:51 of 2nd period - Shot by Radim Simek. 5:51 of 2nd period - Shot Misses the Net. 5:53 of 2nd period - Shot by Vladimir Sobotka. 5:53 of 2nd period - Shot Blocked by Rasmus Dahlin. 6:40 of 2nd period - Off-side. 6:41 of 2nd period - Logan Couture wins face-off versus Artem Anisimov in neutral zone. 6:43 of 2nd period - Off-side. 6:44 of 2nd period - Artem Anisimov wins face-off versus Logan Couture in neutral zone. 6:57 of 2nd period - Shot by Evander Kane. 6:57 of 2nd period - Stopped by Thatcher Demko without a rebound. 6:58 of 2nd period - Bo Horvat wins face-off versus Dominic Toninato in UTAH ICE BEARS zone. 6:59 of 2nd period - Shot by David Perron. 6:59 of 2nd period - Shot Misses the Net. 7:09 of 2nd period - Shot by Bo Horvat. 7:09 of 2nd period - Stopped by Thatcher Demko witho